SL
D.C. DIVIDED @ PHILADELPHIA 1776 BC
09/13/2029
 
TOP OF THE 1ST
D.C. Divided batting - Pitching for Philadelphia 1776 BC : RHP William MacKnight
Pitching: RHP William MacKnight
Batting: LHB Sal Bradshaw 0-0: Called Strike
0-1: Ball
1-1: Swinging Strike
1-2: Ball
2-2: Strikes out swinging
Batting: RHB Arturo Rodríguez 0-0: Ground out 5-3 (Groundball, 56)
Batting: RHB Mario Castillo 0-0: Called Strike
0-1: Swinging Strike
0-2: Ball
1-2: Strikes out swinging
Top of the 1st over - 0 runs, 0 hits, 0 errors, 0 left on base; D.C. 0 - Philadelphia 1776 0
BOTTOM OF THE 1ST
Philadelphia 1776 BC batting - Pitching for D.C. Divided : RHP Wally Copeland
Pitching: RHP Wally Copeland
Batting: LHB José Rodríguez 0-0: Ball
1-0: Foul Ball, location: 2F
1-1: Foul Ball, location: 2F
1-2: Ball
2-2: Ball
3-2: Fly out, F7 (Flyball, 7S)
Batting: LHB Tony Vega 0-0: Ball
1-0: Ball
2-0: Ball
3-0: Called Strike
3-1: Ground out 1-3 (Groundball, 13S)
Batting: LHB Manoo Satyavrat 0-0: Ground out 4-3 (Groundball, 4)
Bottom of the 1st over - 0 runs, 0 hits, 0 errors, 0 left on base; D.C. 0 - Philadelphia 1776 0
TOP OF THE 2ND
D.C. Divided batting - Pitching for Philadelphia 1776 BC : RHP William MacKnight
Batting: RHB Wilfred McLaughlin 0-0: Foul Ball, location: 2F
0-1: Foul Ball, location: 2F
0-2: Strikes out swinging
Batting: RHB Wilbur Davis 0-0: Foul Ball, location: 2F
0-1: Ball
1-1: Ball
2-1: Foul Ball, location: 2F
2-2: Strikes out swinging
Batting: LHB Neil Lawson 0-0: Ball
1-0: Swinging Strike
1-1: Ball
2-1: SINGLE (Groundball, 34D)
Batting: LHB Obidiah Lewis 0-0: Ball
1-0: Ball
Pickoff Throw to First - Out!
Top of the 2nd over - 0 runs, 1 hit, 0 errors, 0 left on base; D.C. 0 - Philadelphia 1776 0
BOTTOM OF THE 2ND
Philadelphia 1776 BC batting - Pitching for D.C. Divided : RHP Wally Copeland
Batting: RHB John Schnatter 0-0: Ball
1-0: Fly out, F7 (Flyball, 7D)
Batting: LHB Jeff Rutherford 0-0: Foul Ball, location: 2F
0-1: Ball
1-1: Ball
2-1: Ball
3-1: Fly out, F8 (Flyball, 8LM)
Batting: RHB Dave Morris 0-0: Ball
1-0: Ball
2-0: Ground out 4-3 (Groundball, 4)
Bottom of the 2nd over - 0 runs, 0 hits, 0 errors, 0 left on base; D.C. 0 - Philadelphia 1776 0
TOP OF THE 3RD
D.C. Divided batting - Pitching for Philadelphia 1776 BC : RHP William MacKnight
Batting: LHB Obidiah Lewis 0-0: Ball
1-0: Ball
2-0: Ball
3-0: Called Strike
3-1: Base on Balls
Batting: RHB Julián Salcido 0-0: Foul Ball, location: 2F
0-1: Ball
1-1: Swinging Strike
1-2: DOUBLE (Line Drive, 7LS)
Obidiah Lewis to third
Batting: LHB Ryan Marken 0-0: Ball
1-0: DOUBLE (Flyball, 78D)
Obidiah Lewis scores
Julián Salcido scores
Batting: LHB Sal Bradshaw 0-0: Called Strike
0-1: Ball
1-1: Ground out 4-3 (Groundball, 4)
Ryan Marken to third
Batting: RHB Arturo Rodríguez 0-0: Fly out, F6 (Popup, P)
Batting: RHB Mario Castillo 0-0: Called Strike
0-1: Called Strike
0-2: Ball
1-2: Ball
2-2: Foul Ball, location: 2F
2-2: Foul Ball, location: 2F
2-2: Foul Ball, location: 2F
2-2: Ball
3-2: 2-RUN HOME RUN (Flyball, 7D), Distance : 429 ft
Batting: RHB Wilfred McLaughlin 0-0: SINGLE (Line Drive, 56D)
Batting: RHB Wilbur Davis 0-0: Called Strike
0-1: Ball
1-1: Called Strike
Wilfred McLaughlin steals 2nd base
1-2: Ball
2-2: Fly out, F5 (Flyball, 5DF)
Top of the 3rd over - 4 runs, 4 hits, 0 errors, 1 left on base; D.C. 4 - Philadelphia 1776 0
BOTTOM OF THE 3RD
Philadelphia 1776 BC batting - Pitching for D.C. Divided : RHP Wally Copeland
Batting: SHB Jesús Cabañe 0-0: Ball
1-0: Swinging Strike
1-1: Called Strike
1-2: Fly out, F8 (Flyball, 8LS)
Batting: RHB Patrizio Vanali 0-0: Foul Ball, location: 2F
0-1: Ball
1-1: Called Strike
1-2: Ball
2-2: Ground out 6-3 (Groundball, 6)
Batting: RHB Kent Summey 0-0: Called Strike
0-1: Foul Ball, location: 2F
0-2: Strikes out looking
Bottom of the 3rd over - 0 runs, 0 hits, 0 errors, 0 left on base; D.C. 4 - Philadelphia 1776 0
TOP OF THE 4TH
D.C. Divided batting - Pitching for Philadelphia 1776 BC : RHP William MacKnight
Batting: LHB Neil Lawson 0-0: Ball
1-0: Called Strike
1-1: Called Strike
1-2: Strikes out looking
Batting: LHB Obidiah Lewis 0-0: Ground out 4-3 (Groundball, 4D)
Batting: RHB Julián Salcido 0-0: Called Strike
0-1: Ball
1-1: SINGLE (Groundball, 34D)
Batting: LHB Ryan Marken 0-0: Ball
1-0: Swinging Strike
1-1: Called Strike
1-2: Ball
2-2: Ball
Julián Salcido steals 2nd base
3-2: SINGLE (Groundball, 34D)
Julián Salcido to third
Julián Salcido scores
Batting: LHB Sal Bradshaw 0-0: Fly out, F7 (Flyball, 7D)
Top of the 4th over - 1 run, 2 hits, 0 errors, 1 left on base; D.C. 5 - Philadelphia 1776 0
BOTTOM OF THE 4TH
Philadelphia 1776 BC batting - Pitching for D.C. Divided : RHP Wally Copeland
Batting: LHB José Rodríguez 0-0: Called Strike
0-1: Ball
1-1: Foul Ball, location: 2F
1-2: Foul Ball, location: 2F
1-2: Foul Ball, location: 2F
1-2: Ball
2-2: Foul Ball, location: 2F
2-2: Ball
3-2: Foul Ball, location: 2F
3-2: Fly out, F6 (Popup, 6S)
Batting: LHB Tony Vega 0-0: Ball
1-0: Swinging Strike
1-1: Swinging Strike
1-2: Foul Ball, location: 2F
1-2: Ball
2-2: Strikes out swinging
Batting: LHB Manoo Satyavrat 0-0: Ball
1-0: Foul Ball, location: 2F
1-1: Foul Ball, location: 2F
1-2: Foul Ball, location: 2F
1-2: SOLO HOME RUN (Flyball, 9LD), Distance : 346 ft
Batting: RHB John Schnatter 0-0: Called Strike
0-1: Ball
1-1: Fly out, F4 (Popup, 4)
Bottom of the 4th over - 1 run, 1 hit, 0 errors, 0 left on base; D.C. 5 - Philadelphia 1776 1
TOP OF THE 5TH
D.C. Divided batting - Pitching for Philadelphia 1776 BC : RHP William MacKnight
Batting: RHB Arturo Rodríguez 0-0: Foul Ball, location: 2F
0-1: Ball
1-1: Foul Ball, location: 2F
1-2: Ball
2-2: Fly out, F3 (Popup, 23F)
Batting: RHB Mario Castillo 0-0: Ball
1-0: Foul Ball, location: 2F
1-1: Ball
2-1: Foul Ball, location: 2F
2-2: Fly out, F9 (Flyball, 9)
Batting: RHB Wilfred McLaughlin 0-0: Called Strike
0-1: Ball
1-1: Ball
2-1: Ball
3-1: Fly out, F7 (Flyball, 78M)
Top of the 5th over - 0 runs, 0 hits, 0 errors, 0 left on base; D.C. 5 - Philadelphia 1776 1
BOTTOM OF THE 5TH
Philadelphia 1776 BC batting - Pitching for D.C. Divided : RHP Wally Copeland
Batting: LHB Jeff Rutherford 0-0: Ball
1-0: Ball
2-0: Ball
3-0: Called Strike
3-1: Swinging Strike
3-2: SOLO HOME RUN (Flyball, 89XD), Distance : 408 ft
Batting: RHB Dave Morris 0-0: Called Strike
0-1: Swinging Strike
0-2: Fly out, F7 (Flyball, 7)
Batting: SHB Jesús Cabañe 0-0: Called Strike
0-1: Ball
1-1: Ball
2-1: Foul Ball, location: 2F
2-2: Ball
3-2: Strikes out swinging
Batting: RHB Patrizio Vanali 0-0: Ball
1-0: Ground out 4-3 (Groundball, 4)
Bottom of the 5th over - 1 run, 1 hit, 0 errors, 0 left on base; D.C. 5 - Philadelphia 1776 2
TOP OF THE 6TH
D.C. Divided batting - Pitching for Philadelphia 1776 BC : RHP William MacKnight
Batting: RHB Wilbur Davis 0-0: Fly out, F6 (Popup, 6)
Batting: LHB Neil Lawson 0-0: Called Strike
0-1: Fly out, F9 (Flyball, 89D)
Batting: LHB Obidiah Lewis 0-0: Ball
1-0: Fly out, F9 (Flyball, 9S)
Top of the 6th over - 0 runs, 0 hits, 0 errors, 0 left on base; D.C. 5 - Philadelphia 1776 2
BOTTOM OF THE 6TH
Philadelphia 1776 BC batting - Pitching for D.C. Divided : RHP Wally Copeland
Batting: RHB Kent Summey 0-0: Ball
1-0: Foul Ball, location: 2F
1-1: Swinging Strike
1-2: Ball
2-2: Fly out, F4 (Popup, 4D)
Batting: LHB José Rodríguez 0-0: Ball
1-0: Ball
2-0: Swinging Strike
2-1: Foul Ball, location: 2F
2-2: Foul Ball, location: 2F
2-2: Ball
3-2: Base on Balls
Batting: LHB Tony Vega 0-0: Ball
1-0: Fielders Choice at 2nd, 1-6 (Groundball, 13)
Batting: LHB Manoo Satyavrat 0-0: Ball
1-0: Ball
2-0: Called Strike
2-1: Called Strike
2-2: Foul Ball, location: 2F
2-2: Ground out U3 (Groundball, 3S)
Bottom of the 6th over - 0 runs, 0 hits, 0 errors, 1 left on base; D.C. 5 - Philadelphia 1776 2
TOP OF THE 7TH
D.C. Divided batting - Pitching for Philadelphia 1776 BC : RHP William MacKnight
Batting: RHB Julián Salcido 0-0: Ball
1-0: Called Strike
1-1: Called Strike
1-2: Ball
2-2: Ball
3-2: Strikes out swinging
Batting: LHB Ryan Marken 0-0: Foul Ball, location: 2F
0-1: Ground out 1-3 (Groundball, P)
Batting: LHB Sal Bradshaw 0-0: Ball
1-0: Called Strike
1-1: Swinging Strike
1-2: Ball
2-2: Ball
3-2: Strikes out swinging
Top of the 7th over - 0 runs, 0 hits, 0 errors, 0 left on base; D.C. 5 - Philadelphia 1776 2
BOTTOM OF THE 7TH
Philadelphia 1776 BC batting - Pitching for D.C. Divided : RHP Wally Copeland
Batting: RHB John Schnatter 0-0: Called Strike
0-1: Swinging Strike
0-2: Fly out, F8 (Flyball, 8LD)
Batting: LHB Jeff Rutherford 0-0: Called Strike
0-1: Ball
1-1: Fly out, F9 (Line Drive, 9S)
Batting: RHB Dave Morris 0-0: Foul Ball, location: 2F
0-1: Foul Ball, location: 2F
0-2: Ball
1-2: Strikes out looking
Bottom of the 7th over - 0 runs, 0 hits, 0 errors, 0 left on base; D.C. 5 - Philadelphia 1776 2
TOP OF THE 8TH
D.C. Divided batting - Pitching for Philadelphia 1776 BC : RHP William MacKnight
Batting: RHB Arturo Rodríguez 0-0: Ball
1-0: Foul Ball, location: 2F
1-1: SINGLE (Line Drive, 9LS)
Pitching: RHP Bernardo Valdés
Batting: RHB Mario Castillo 0-0: Ball
Arturo Rodríguez is caught stealing 2nd base
1-0: Ball
2-0: Fly out, F5 (Popup, 5F)
Batting: RHB Wilfred McLaughlin 0-0: Called Strike
0-1: Called Strike
0-2: Foul Ball, location: 2F
0-2: Strikes out swinging
Top of the 8th over - 0 runs, 1 hit, 0 errors, 0 left on base; D.C. 5 - Philadelphia 1776 2
BOTTOM OF THE 8TH
Philadelphia 1776 BC batting - Pitching for D.C. Divided : RHP Wally Copeland
Batting: SHB Jesús Cabañe 0-0: Ball
1-0: Ball
2-0: Ball
3-0: Base on Balls
Pitching: RHP Ángel Ruíz
Batting: RHB Patrizio Vanali 0-0: Ball
1-0: Swinging Strike
1-1: Called Strike
1-2: Strikes out swinging
Batting: RHB Kent Summey 0-0: Ball
1-0: Ball
2-0: Ball
3-0: Called Strike
3-1: Called Strike
3-2: Foul Ball, location: 2F
3-2: Foul Ball, location: 2F
3-2: Base on Balls
Jesús Cabañe to second
Batting: LHB José Rodríguez Balk!
Jesús Cabañe to third
Kent Summey to second
0-0: Ball
1-0: Called Strike
1-1: Ball
2-1: Foul Ball, location: 2F
2-2: Strikes out swinging
Batting: LHB Tony Vega 0-0: Ball
1-0: Called Strike
1-1: Ball
2-1: Foul Ball, location: 2F
2-2: Ball
3-2: Foul Ball, location: 2F
3-2: Base on Balls
Batting: LHB Manoo Satyavrat 0-0: Ball
1-0: Foul Ball, location: 2F
1-1: Ball
2-1: Foul Ball, location: 2F
2-2: Foul Ball, location: 2F
2-2: Foul Ball, location: 2F
2-2: Ball
3-2: Foul Ball, location: 2F
3-2: Base on Balls
Jesús Cabañe scores
Kent Summey to third
Tony Vega to second
Batting: RHB John Schnatter 0-0: Ball
1-0: Fly out, F9 (Flyball, 9S)
Bottom of the 8th over - 1 run, 0 hits, 0 errors, 3 left on base; D.C. 5 - Philadelphia 1776 3
TOP OF THE 9TH
D.C. Divided batting - Pitching for Philadelphia 1776 BC : RHP Bernardo Valdés
Batting: RHB Wilbur Davis 0-0: Ball
1-0: Foul Ball, location: 2F
1-1: Foul Ball, location: 2F
1-2: Strikes out swinging
Batting: LHB Neil Lawson 0-0: Called Strike
0-1: SOLO HOME RUN (Flyball, 9D), Distance : 391 ft
Batting: LHB Obidiah Lewis 0-0: Foul Ball, location: 2F
0-1: Ground out 3-1 (Groundball, 34S)
Batting: RHB Julián Salcido 0-0: Ball
1-0: Ball
2-0: Foul Ball, location: 2F
2-1: Foul Ball, location: 2F
2-2: Ground out 5-3 (Groundball, 5S)
Top of the 9th over - 1 run, 1 hit, 0 errors, 0 left on base; D.C. 6 - Philadelphia 1776 3
BOTTOM OF THE 9TH
Philadelphia 1776 BC batting - Pitching for D.C. Divided : RHP Ángel Ruíz
Pitching: RHP Gabriel Hidalgo
Batting: LHB Jeff Rutherford 0-0: Foul Ball, location: 2F
0-1: Swinging Strike
0-2: Ground out 6-3 (Groundball, 6)
Batting: RHB Dave Morris 0-0: Ball
1-0: Ball
2-0: Foul Ball, location: 2F
2-1: Reached on error, E8 (Flyball, 8RM)
Batting: SHB Jesús Cabañe 0-0: Foul Ball, location: 2F
0-1: Ball
1-1: Foul Ball, location: 2F
1-2: Ball
2-2: Strikes out swinging
Batting: RHB Patrizio Vanali 0-0: Foul Ball, location: 2F
0-1: Ball
1-1: Foul Ball, location: 2F
1-2: Foul Ball, location: 2F
1-2: Strikes out looking
Bottom of the 9th over - 0 runs, 0 hits, 1 error, 1 left on base; D.C. 6 - Philadelphia 1776 3
Tuesday, December 19th, 2017 - OOTP Baseball 18.8 Build 76